 Dungeon Crawl Stone Soup version 0.31.0-32-g396128a36d (webtiles) character file.

Game seed: 16883769625741502910

3123 hawla the Mimic (level 9, -1/46 HPs)
             Began as a Felid Shapeshifter on Apr 11, 2024.
             Was an Initiate of Yredelemnul.
             Slain by a killer bee (3 damage)
             ... on level 8 of the Dungeon on Apr 12, 2024.
             The game lasted 00:11:55 (7440 turns).

hawla the Mimic (Felid Shapeshifter)                Turns: 7440, Time: 00:11:56

Health: -1/46      AC:  2    Str: 14    XL:     9   Next: 60%
Magic:  10/10      EV: 23    Int: 13    God:    Yredelemnul [......]
Gold:   298        SH:  5    Dex: 17    Spells: 8/8 levels left
                                        Lives:  0   Deaths: 3

rFire   + .          .
                       - Unarmed
rCold   . . .        (shield unavailable)
rNeg    . . .        (body armour unavailable)
rPois   .            (helmet unavailable)
rElec   .            (cloak unavailable)
rCorr   +            (gloves unavailable)
SInv    +            (boots unavailable)
Will    +....        h - amulet of reflection
Stlth   +            g - ring of resist corrosion
HPRegen 0.27/turn    q - ring of protection from fire
MPRegen 0.12/turn

%: reflection
@: lethally poisoned (-1 -> -7), flux-form, glowing
A: glow, contaminating, very small, claws 1, fangs 3, see invisible, shaggy fur
2, stealthy paws, no weapons or thrown items, no armour, multi-lived, horns 1,
no potion heal 1, MP-powered wands
a: Begin Untransformation, Renounce Religion, Recall Undead Harvest


You were on level 8 of the Dungeon.
You worshipped Yredelemnul.
Yredelemnul was noncommittal.
You were something dangerously unstable.
You visited 1 branch of the dungeon, and saw 8 of its levels.

You collected 298 gold pieces.

Inventory:

Jewellery
 g - a ring of resist corrosion (left paw)
 h - an amulet of reflection (around neck)
 q - a ring of protection from fire (right paw)
Talismans
 b - a beast talisman
 i - a maw talisman
 n - a flux talisman (active)
Wands
 c - a wand of flame (14)
 o - a wand of mindburst (9)
 p - a wand of roots (8)
Scrolls
 d - 2 scrolls of fog
 e - a scroll of teleportation
 f - 2 scrolls of identify
Potions
 j - a potion of brilliance
 k - a potion of magic
 l - a potion of invisibility
 m - a potion of enlightenment


   Skills:
 - Level 4.5 Fighting
 + Level 5.1 Dodging
 - Level 5.0 Stealth
 - Level 3.0 Unarmed Combat
 * Level 1.2 Invocations
 * Level 2.3 Evocations
 - Level 10.0 Shapeshifting


You had 8 spell levels left.
You didn't know any spells.
Your spell library contained the following spells:

 Spells                   Type           Power      Damage    Failure   Level
 Gell's Gravitas          Tloc           0%         N/A       67%         3
 Teleport Other           Tloc           0%         N/A       67%         3
 Dispersal                Tloc           0%         N/A       100%        6


Dungeon Overview and Level Annotations

Branches:
Dungeon (8/15)             Temple (0/1) D:6
   Lair: D:8-11

Altars:
Cheibriados
Fedhas
Gozag
Makhleb
Okawaru
Sif Muna
Yredelemnul
The Shining One

Annotations:
D:6 3 runed translucent doors, Consumeair16's ghost, novice GnCj; fasolt's ghost, novice FeSu; jimmypageman's ghost, novice MiFi; monsoonserge's ghost, novice OpSh; toela's ghost, novice GnHs


Innate Abilities, Weirdness & Mutations

You are something dangerously unstable.
You glow with magical radiation, making you easy to see and hit.
Foes you strike become dangerously contaminated with magical radiation.
You have sharp claws.
You have razor-sharp teeth.
You have supernaturally acute eyesight. (SInv)
You are covered in thick fur. (AC +2)
Your paws help you pounce on unaware monsters.
You are incapable of wielding weapons or throwing items.
You cannot wear armour.
You gain extra lives every three experience levels.
You have a pair of small horns on your head.
Potions are less effective at restoring your health.
You expend magic power (3 MP) to strengthen your wands.


Message History

The killer bee stings you. The killer bee misses you.
You block the orc's attack.
The orc warrior hits you with a +0 scimitar!
You scratch the orc but do no damage.
The orc shudders as magic cascades through it!
You kill the orc!
The dead are walking!
The killer bee misses you. x2
The orc warrior hits you with a +0 scimitar!
You scratch the orc warrior but do no damage.
The orc warrior begins to glow.
You headbutt the orc warrior, but do no damage.
The orc warrior is almost dead.
You block the killer bee's attack. The killer bee barely misses you.
You scratch the orc warrior.
The orc warrior glows dangerously bright.
You headbutt the orc warrior, but do no damage.
The orc warrior is almost dead.
The killer bee closely misses you. The orc warrior misses you.
The killer bee completely misses you.
You scratch the orc warrior but do no damage.
The orc warrior shudders as magic cascades through it!!
You kill the orc warrior!
You block the killer bee's attack.
Your orc zombie hits the killer bee.
The killer bee closely misses you.
Your Invocations skill increases to level 1!
Your Evocations skill increases to level 2!
The killer bee attacks as it pursues you!
The killer bee stings you.
* * * LOW HITPOINT WARNING * * *
You are poisoned.
The killer bee poisons you! The killer bee stings you!
* * * LOW HITPOINT WARNING * * *
Okay, then.
Okay, then.
* * * LOW HITPOINT WARNING * * *
You feel sick.
The killer bee attacks as it pursues you!
The killer bee completely misses you. The killer bee stings you.
You die...
Your body rises from the dead as a mindless zombie.

.....#.....#.......#
....#.....#.......# ####
#...##....#..##..##
#....###...##....#..# ..#
#................#..# y#
#..........)........# #
#...........Z..._...#
#...####..y##.......#
#...####.p.##....##'#
#...#.<.........z...##..##
#...'.............z..#..$.
#...#................+.?..
#...#########...##..##..#
##'###.....##...##..##..##
#...........#.............
#...........#.............
#...........#......z.)....


You could see a killer bee (ally target), a wight and a friendly orc zombie.

Vanquished Creatures
  Maurice (D:7)
  A shadow (D:7)
  2 water moccasins (D:7)
  2 black bears
  2 orc warriors
  3 ice beasts
  A sky beast (D:7)
  2 ogres (D:4)
  A centaur (D:5)
  A kobold brigand (D:6)
  A phantom (D:7)
  3 bullfrogs
  A scorpion (D:3)
  A wight (D:8)
  4 killer bees (D:7)
  A hound (D:7)
  3 bombardier beetles
  3 jellies
  2 orc priests
  A gnoll bouda (D:5)
  4 iguanas
  6 orc wizards
  5 gnolls (D:5)
  6 adders
  A shadow imp (D:7)
  2 ufetubi (D:5)
  A dart slug (D:5)
  A ribbon worm (D:2)
  32 orcs
  6 endoplasms
  7 giant cockroaches
  3 goblins (D:1)
  6 hobgoblins
  15 jackals
  3 quokkas
  5 ball pythons
  10 bats
  10 frilled lizards
  10 kobolds
  2 rats (D:1)
171 creatures vanquished.

Notes
Turn   | Place    | Note
-------+----------+-------------------------------------------
     0 | D:1      | hawla the Felid Shapeshifter began the quest for the Orb.
     0 | D:1      | Reached XP level 1. HP: 10/10 MP: 2/2
   101 | D:1      | Reached skill level 3 in Shapeshifting
   122 | D:1      | Reached XP level 2. HP: 14/14 MP: 3/3
   421 | D:1      | Reached XP level 3. HP: 16/18 MP: 4/4
   759 | D:2      | Reached skill level 4 in Shapeshifting
  1097 | D:3      | Reached XP level 4. HP: 19/22 MP: 5/5
  1097 | D:3      | Gained a life (2 lives remaining)
  1244 | D:3      | Found a faded altar of an unknown god.
  1641 | D:3      | Noticed a scorpion
  1646 | D:3      | Gained mutation: You expend magic power (3 MP) to
                  | strengthen your wands. [potion of mutation]
  1646 | D:3      | Gained mutation: Potions are less effective at restoring
                  | your health. [potion of mutation]
  1646 | D:3      | Gained mutation: You have a pair of small horns on your
                  | head. [potion of mutation]
  1646 | D:3      | HP: 1/33 [scorpion (6)]
  1647 | D:3      | Succumbed to a scorpion's poison
  1647 | D:3      | Lost a life (1 life remaining)
  1771 | D:3      | Killed a scorpion
  1772 | D:3      | Reached skill level 5 in Shapeshifting
  1772 | D:3      | Reached XP level 5. HP: 18/25 MP: 6/6
  2334 | D:4      | Noticed an ogre
  2343 | D:4      | Killed an ogre
  2344 | D:4      | Gained mutation: You are covered in thick fur. (AC +2)
                  | [Felid growth]
  2344 | D:4      | Reached XP level 6. HP: 26/30 MP: 7/7
  2402 | D:4      | Reached skill level 6 in Shapeshifting
  3258 | D:5      | Entered Level 5 of the Dungeon
  3554 | D:5      | Slain by a gnoll
  3554 | D:5      | Lost a life (0 lives remaining)
  3591 | D:5      | Reached XP level 7. HP: 25/33 MP: 8/8
  3591 | D:5      | Gained a life (1 life remaining)
  3594 | D:5      | Slain by a gnoll
  3594 | D:5      | Lost a life (0 lives remaining)
  4092 | D:5      | Reached skill level 7 in Shapeshifting
  4613 | D:6      | Reached XP level 8. HP: 35/42 MP: 9/9
  4685 | D:6      | Found a staircase to the Ecumenical Temple.
  4819 | D:6      | Reached skill level 5 in Dodging
  4819 | D:6      | Reached skill level 1 in Stealth
  5262 | D:6      | Reached skill level 5 in Stealth
  5434 | D:6      | Found a runed translucent gate.
  5435 | D:6      | Found a runed translucent gate.
  5435 | D:6      | Found a runed translucent gate.
  5436 | D:6      | Noticed jimmypageman's ghost (novice MiFi)
  5436 | D:6      | Noticed Consumeair16's ghost (novice GnCj)
  5436 | D:6      | Noticed toela's ghost (novice GnHs)
  5436 | D:6      | Noticed fasolt's ghost (novice FeSu)
  5436 | D:6      | Noticed monsoonserge's ghost (novice OpSh)
  5786 | D:7      | Noticed Maurice
  5790 | D:7      | Maurice stole an amulet of reflection
  5792 | D:7      | Maurice stole a flux talisman
  5799 | D:7      | Killed Maurice
  5800 | D:7      | Reached skill level 8 in Shapeshifting
  5800 | D:7      | Reached XP level 9. HP: 11/46 MP: 10/10
  6223 | D:7      | Reached skill level 9 in Shapeshifting
  6285 | D:7      | Found a snail-covered altar of Cheibriados.
  7054 | D:7      | Found an iron altar of Okawaru.
  7054 | D:7      | Found an opulent altar of Gozag.
  7054 | D:7      | Found a glowing golden altar of the Shining One.
  7054 | D:7      | Found a basalt altar of Yredelemnul.
  7062 | D:7      | Found a shimmering blue altar of Sif Muna.
  7065 | D:7      | Became a worshipper of Yredelemnul the Dark
  7068 | D:7      | Found a blossoming altar of Fedhas.
  7119 | D:8      | Reached skill level 10 in Shapeshifting
  7139 | D:8      | Reached skill level 1 in Evocations
  7143 | D:8      | Found a burning altar of Makhleb.
  7143 | D:8      | Identified the +4 whip of the Arcadian God {vamp, Int+3}
  7166 | D:8      | HP: 1/44 [wight/+3 hand axe (5)]
  7439 | D:8      | Reached skill level 1 in Invocations
  7440 | D:8      | HP: 2/46 [poisoned by a killer bee]
  7440 | D:8      | Slain by a killer bee

Illustrated notes

Levels and vault maps discovered:
D:1:      mrwooster_arrival_arrow, layout_rooms, minmay_misc_feat_encased,
          chequers_mini_garden, st_stairs_7
D:2:      layout_rooms, chequers_decorated_corner, nicolae_underground_beach
D:3:      layout_loops_corners, hellmonk_ecumenical_altar_blasted
D:4:      layout_layer_cave, wad_orctagon
D:5:      layout_loops_corners, chequers_arboretum
D:6:      layout_loops_ring, minmay_temple_entry_poolview,
          gammafunk_ghost_cemetery, minmay_lizard_king
D:7:      layout_basic, mainiacjoe_overflow_concentric_impassable,
          minmay_overflow_temple_hex, uniq_maurice
D:8:      layout_gridville, kiku_gazebo_garden_becter, bloody_makhleb,
          lair_entry_dummy

Skill      XL: |  1  2  3  4  5  6  7  8  9 |
---------------+----------------------------+-----
Shapeshifting  | 3 4 5 6 7 8 10 | 10.0
Fighting       | 4 |  4.5
Dodging        | 4 5 |  5.1
Stealth        | 5 |  5.0
Evocations     | 2 |  2.3
Invocations    | 1 |  1.2
Unarmed Combat | |  3.0

Action                     |  1- 3 |  4- 6 |  7- 9 || total
---------------------------+-------+-------+-------++-------
  Melee: Unarmed           |   100 |   151 |   311 ||   562
         Bite              |     4 |    12 |    40 ||    56
         Punch             |     1 |     4 |     1 ||     6
         Headbutt          |       |    26 |    79 ||   105
  Evoke: Wand              |       |       |     8 ||     8
    Use: Scroll            |     5 |     4 |    11 ||    20
         Potion            |       |     3 |     1 ||     4
   Stab: Sleeping          |     1 |     2 |     2 ||     5
         Paralysed         |       |       |     5 ||     5
 Armour: Skin              |    43 |    63 |    97 ||   203
  Dodge: Dodged            |   105 |   139 |   345 ||   589
  Block: Other             |       |       |    31 ||    31
   Form: Flux              |       |       |     1 ||     1
